[Event "Early-Titled-Tuesday-Blitz-March-05-2024"]
[Site "Chess.com"]
[Date "2024.03.05"]
[Round "2"]
[White "SnekkerAndersen"]
[Black "UK_23"]
[Result "1-0"]
[WhiteElo "2622"]
[BlackElo "2370"]
[TimeControl "180+1"]
[EndTime "8:19:34 PST"]
[Termination "SnekkerAndersen won by resignation"]

1. c4 e6 2. Nc3 d5 3. cxd5 exd5 4. d4 Nf6 5. Bg5 Be7 6. e3 O-O 7. Qc2 Re8 8. Bd3 h6 9. Bh4 c5 10. O-O-O cxd4 11. exd4 Nc6 12. Nge2 Nb4 13. Qd2 Nxd3+ 14. Qxd3 Qa5 15. Kb1 Bg4 16. f3 Bh5 17. Ka1 Bg6 18. Qd2 Bb4 19. Bxf6 gxf6 20. Qf4 Kg7 21. h4 Re6 22. h5 Bh7 23. Rh3 Ra6 24. Rg3+ Kh8 25. Qxh6 Rg8 26. Rxg8+ Kxg8 27. Qd2 b5 28. g4 Be7 29. b3 Bb4 30. h6 Rc6 31. Rc1 Qa3 32.
g5 f5 33. Qb2 Qa5 34. Nb1 Rxc1 35. Qxc1 f4 36. Qc8+ Bf8 37. Qc3 Bb4 38. Qc1 Bd6 39.
Nxf4 Bxb1 40. Kxb1 Bxf4 41. Qxf4 Qe1+ 42. Qc1 Qe2 43.
Qc8+ Kh7 44. Qf5+ Kg8 45. Qxd5 Qd3+ 46. Kc1 Qc3+ 47. Kd1 Qd3+ 48. Ke1 Qe3+ 49. Kf1 Qd3+ 50. Kg2 Qd2+ 51. Kg3 Qe1+ 52. Kf4 Qd2+ 53. Kf5 Qd3+ 54. Ke5 Qe3+ 55. Kd6 Qe8 56. Kc5 Qe7+ 57. Kxb5 Qe8+ 58.
Qc6 Qe2+ 59. Kb4 Qd2+ 60. Qc3 Qxg5 61. Qc6 Qd2+ 62. Kc5 Qc3+ 63. Kd6 Qxd4+ 64. Kc7 Qe5+ 65. Kb7 Kh7 66. Kxa7 Qa5+ 67. Kb7 Qxa2 68. b4 Qb3 69. b5 Qb4 70. b6 Qf4 71. Qe4+ Qxe4+ 72. fxe4 Kxh6 73.
Kc6 1-0

[Event "Early-Titled-Tuesday-Blitz-March-05-2024"]
[Site "Chess.com"]
[Date "2024.03.05"]
[Round "2"]
[White "Abund"]
[Black "sakkikuska"]
[Result "1-0"]
[WhiteElo "2751"]
[BlackElo "2527"]
[TimeControl "180+1"]
[EndTime "8:19:40 PST"]
[Termination "Abund won by checkmate"]

1. e4 c5 2. Nf3 e6 3. c3 d5 4. exd5 Qxd5 5. d4 Nf6 6. Na3 Nc6 7. Be3 cxd4 8. Nb5 Qd7 9. Nbxd4 Nd5 10. Bb5 Bd6 11.
Qa4 Nde7 12. Rd1 O-O 13. Bf4 Bxf4 14. Nxc6 Nd5 15. c4 bxc6 16. Bxc6 Qc7 17. cxd5 Rb8 18. O-O exd5 19. b3 Bg4 20. Bxd5 Bxf3 21. Bxf3 Bxh2+ 22. Kh1 Be5 23. g3 Rb6 24. Kg2 g6 25. Rd7 Qc5 26.
Qxa7 h5 27. Re1 h4 28. Rxe5 Qxe5 29. Qxb6 hxg3 30. Qe3 Qb2 31. Kxg3 Qxa2 32. Bd5 Qb2 33. Rxf7 Rxf7 34. Qe8+ Kg7 35. Qxf7+ Kh6 36. Qf4+ g5 37. Qe4 Qc1 38. Bc4 Qc3+ 39. Kg2 Qd2 40. Qe6+ Kh5 41. Qh3+ Kg6 42. Qd3+ Qxd3 43. Bxd3+ Kf6 44. Kg3 Ke5 45. Kg4 Kd5 46. Bc4+ Kd4 47. Kxg5 Kc3 48. f4 Kb4 49. f5 Kc5 50. Kg6 Kb4 51. f6 Ka5 52. f7 Kb4 53.
Kg7 Ka5 54. Kg6 Kb4 55. Kf6 Ka5 56. Ke6 Kb6 57. Kd6 Ka5 58. Ke5 Kb6 59. Ke4 Ka5 60. Ke3 Kb6 61. Ke2 Ka5 62. Ke1 Kb6 63. Kf1 Ka5 64. Kf2 Kb6 65. Kg2 Ka5 66. Kg3 Kb6 67.
Kh3 Ka5 68. Kh4 Kb6 69. f8=Q Ka5 70. b4+ Kb6 71. b5 Ka5 72. Qa3+ Kb6 73. Qa6+ Kc5 74. Bd3 Kb4 75. Be2 Kc5 76. Bf1 Kb4 77. Kg3 Kc5 78.
Kf2 Kb4 79. Ke1 Kc5 80. b6 Kb4 81. Kf2 Kc5 82. Kg2 Kb4 83. Kg1 Kc5 84. Kh1 Kb4 85. Kh2 Kc5 86. b7 Kb4 87. Qb5+ Kc3 88. Qc4+ Kd2 89.
Qd3+ Ke1 90. Qe2# 1-0

[Event "Early-Titled-Tuesday-Blitz-March-05-2024"]
[Site "Chess.com"]
[Date "2024.03.05"]
[Round "2"]
[White "javirec"]
[Black "Barmen_EV"]
[Result "0-1"]
[WhiteElo "2253"]
[BlackElo "2494"]
[TimeControl "180+1"]
[EndTime "8:19:42 PST"]
[Termination "Barmen_EV won on time"]

1. Nf3 f5 2. c4 Nf6 3. Nc3 g6 4. g3 Bg7 5. Bg2 O-O 6. O-O d6 7.
d4 Qe8 8. d5 Na6 9. Nd4 Bd7 10.
Re1 c6 11. e4 fxe4 12. Nxe4 Nxe4 13. Bxe4 Qf7 14. Be3 Nc5 15. Bg2 cxd5 16. cxd5 a5 17.
Rc1 Rac8 18. Qd2 a4 19. Bg5 Rce8 20. Rc3 Be5 21. Rf3 Bf6 22. Bh6 Bg4 23. Rf4 Bd7 24. Ne6 g5 25. Bxg5 Bxe6 26. dxe6 Qg6 27. Bxf6 Rxf6 28.
Rxf6 Qxf6 29. Qb4 Kh8 30. Re3 Qg6 31. h4 Rf8 32. Qd4+ Kg8 33. b4 axb3 34. axb3 Rf6 35.
Qd5 Qb1+ 36. Kh2 Rxf2 37. Qg5+ Qg6 38. Qxe7 Rf8 39. Qxd6 b6 40. Qd5 Kg7 41. Qd4+ Kg8 42. Qd5 Kg7 43. e7 Re8 44. Qd4+ Kh6 45. Qf4+ Kg7 46.
Qe5+ Kh6 47. Bf3 Nd3 48. Qg5+ Qxg5 49. hxg5+ Kxg5 50. Rxd3 Rxe7 51. Kg2 Rc7 52. b4 Rc2+ 53. Kh3 Rb2 54. Rd4 Kf6 55. Bc6 Ke5 56. Rf4 Kd6 57.
b5 Kc5 58. Rh4 Rb1 59. Rxh7 Kb4 60. g4 Rb3+ 61. Kh4 Rb2 62. Kh5 Kc5 0-1

[Event "Early-Titled-Tuesday-Blitz-March-05-2024"]
[Site "Chess.com"]
[Date "2024.03.05"]
[Round "2"]
[White "BlueWizzard"]
[Black "Dinosaurio_1975"]
[Result "1-0"]
[WhiteElo "2892"]
[BlackElo "2581"]
[TimeControl "180+1"]
[EndTime "8:19:43 PST"]
[Termination "BlueWizzard won by checkmate"]

1. d4 d5 2. Nc3 Nf6 3. Nf3 e6 4. Bg5 Be7 5. Qd3 O-O 6. Bxf6 Bxf6 7. e4 dxe4 8. Nxe4 b6 9. h4 Bb7 10. Neg5 g6 11. O-O-O Nd7 12. Qe3 h6 13. Ne4 Bg7 14. Bc4 Nf6 15. Nxf6+ Qxf6 16. Ne5 Qe7 17. f4 h5 18. Rh2 Rad8 19. g4 Bxe5 20. Qxe5 Bf3 21. Rf1 Bxg4 22. f5 Qd6 23. f6 Qxd4 24. Qxd4 Rxd4 25.
b3 Rfd8 26. Kb2 Rd1 27. a4 Rxf1 28. Bxf1 Rd1 29. Ba6 Rd4 30. Kc3 Rf4 31. Rd2 e5 32. Rd8+ Kh7 33. Ra8 Rxf6 34. Rxa7 Rc6+ 35. Kd2 Bf5 36. c3 Rd6+ 37. Ke3 Rd7 38. Bb5 Re7 39. b4 Be6 40. a5 bxa5 41. bxa5 Bd5 42. Bd3 f5 43. c4 f4+ 44. Kf2 Bc6 45. Ra6 e4 46.
Bc2 Bb7 47. Rf6 e3+ 48. Ke1 f3 49. Rxg6 f2+ 50. Ke2 Kh8 51. Rh6+ Kg7 52. Rg6+ Kf7 53. Rg3 Ke8 54. Bd3 Kd7 55. Kf1 Kc6 56. Rg5 Kd6 57.
c5+ Kc6 58. a6 Ba8 59. Rxh5 Kd7 60. Rg5 Bf3 61. Rg3 Be2+ 62. Bxe2 Kc6 63. h5 Kxc5 64. h6 Rh7 65. Rg5+ Kd4 66. Rg6 c5 67. Kg2 c4 68. Rg4+ Ke5 69. Bxc4 Rxh6 70. a7 Rh8 71.
Rg8 Rxg8+ 72. Bxg8 Ke4 73. a8=Q+ Kd3 74. Qa3+ Kd2 75.
Qb2+ Ke1 76. Qc1+ Ke2 77. Bc4# 1-0

[Event "Early-Titled-Tuesday-Blitz-March-05-2024"]
[Site "Chess.com"]
[Date "2024.03.05"]
[Round "2"]
[White "lluiss"]
[Black "Flaccidmoves"]
[Result "1-0"]
[WhiteElo "2167"]
[BlackElo "2442"]
[TimeControl "180+1"]
[EndTime "8:19:43 PST"]
[Termination "lluiss won by resignation"]

1. Nf3 d5 2. d4 Nf6 3. c4 e6 4. cxd5 exd5 5. Nc3 c6 6. Qc2 Bg4 7. Ne5 Bh5 8. Bg5 Be7 9. e3 Nbd7 10. Bd3 Nxe5 11. dxe5 Nd7 12. Bf4 Nc5 13. Bf5 Ne6 14.
Bg3 Bg6 15. O-O O-O 16. Rad1 Qb6 17. Bxg6 hxg6 18. Na4 Qa6 19. a3 b5 20. Nc3 Qb6 21. Ne2 Rac8 22. Nd4 c5 23. Nxe6 Qxe6 24. f4 Rfd8 25.
Bf2 Qf5 26. Qb3 Qe4 27. Qxb5 Rb8 28. Qa6 Rxb2 29. Qxa7 Bf8 30. Qc7 Ra8 31. Qc6 Rxa3 32. Qxd5 Qxd5 33. Rxd5 Raa2 34. e4 c4 35. f5 gxf5 36.
exf5 Be7 37. g3 Bg5 38. e6 fxe6 39. fxe6 Re2 40. Rxg5 Rxe6 41. Rg4 Rc6 42. Rc1 c3 43. Re4 Rd2 44. Re3 c2 45. Ree1 Kf7 46. Be3 Rd3 47. Bf4 Kg6 48. Kg2 Kf5 49. Re2 Rdc3 50. Rd2 Kf6 51.
Kf2 g5 52. Be3 Kf5 53. Bd4 R3c4 54. Be3 Kg4 55. Kg2 Kh5 56. h3 Kg6 57. g4 Kf6 58. Bf2 Kg6 59. Bg3 Kf6 60. Bf2 Ke6 61. Be3 Kf6 62. Rf2+ Kg6 63. Rf5 Rc3 64. Bxg5 Rb6 65. h4 Rb1 66. Rff1 Rxc1 67. Rxc1 Kg7 68.
Kf2 Kg6 69. Ke2 Rg3 70. Kd2 Rxg4 71. Rxc2 Rg2+ 72. Kc1 Rxc2+ 73. Kxc2 1-0

[Event "Early-Titled-Tuesday-Blitz-March-05-2024"]
[Site "Chess.com"]
[Date "2024.03.05"]
[Round "2"]
[White "atbenina64"]
[Black "Cheer_Down"]
[Result "1/2-1/2"]
[WhiteElo "2736"]
[BlackElo "2411"]
[TimeControl "180+1"]
[EndTime "8:19:45 PST"]
[Termination "Game drawn by repetition"]

1. Nf3 d5 2. g3 Nf6 3. Bg2 e6 4. O-O Be7 5. c4 O-O 6. b3 b6 7. cxd5 exd5 8. Bb2 Bb7 9. e3 c5 10. d4 Nbd7 11. Nc3 Ne4 12. Nxe4 dxe4 13. Nd2 cxd4 14. Bxd4 Nf6 15. Qb1 Re8 16. Nxe4 Nxe4 17. Bxe4 Bxe4 18. Qxe4 Bf6 19. Bxf6 Qxf6 20. Qb7 a5 21. Rac1 g6 22. a4 Rab8 23. Qc7 Qb2 24. Qc3 Qxc3 25. Rxc3 b5 26. Rc5 bxa4 27. bxa4 Rb2 28. Rxa5 Rc8 29. g4 Rcc2 30. g5 Ra2 31. h4 Kg7 32. Kg2 Rc4 33. Kg3 Raxa4 34. Rxa4 Rxa4 35. Rd1 h5 36. gxh6+ Kxh6 37. Rd7 Kg7 38. f3 Rb4 39. e4 Rb1 40. e5 Kf8 41.
Kg4 Rg1+ 42. Kf4 Rg2 43. Rd6 Kg7 44. Ra6 Rg1 45. Ra7 Kf8 46. Ra8+ Kg7 47. Ra7 Kf8 48. Ke4 Rh1 49. Kd5 Rd1+ 50. Ke4 Rh1 51. e6 Re1+ 52. Kf4 Rxe6 53. Kg5 Kg7 54. f4 Rb6 55. Kg4 Rb1 56.
Rd7 Rg1+ 57. Kf3 Rh1 58. Kg3 Rb1 59. Kg4 Kf6 60. Rd6+ Ke7 61. Rd5 Rg1+ 62. Kf3 Kf6 63. h5 gxh5 64. Rxh5 Rf1+ 65. Kg3 Ra1 66. Rh6+ Kg7 67.
Rh5 Kg6 68. Rg5+ Kf6 69. Rb5 Ra3+ 70. Kg4 Ra1 71. Rb6+ Kg7 72. Kg5 Rg1+ 73. Kf5 Rh1 74. Rd6 Rh5+ 75. Kg4 Ra5 76. f5 Ra1 77. Kg5 Rg1+ 78.
Kf4 Rf1+ 79. Kg5 Rg1+ 80. Kf4 Rf1+ 81. Kg5 Rg1+ 1/2-1/2

[Event "Early-Titled-Tuesday-Blitz-March-05-2024"]
[Site "Chess.com"]
[Date "2024.03.05"]
[Round "2"]
[White "invisible_s0ul"]
[Black "Quattroporte300"]
[Result "1-0"]
[WhiteElo "2232"]
[BlackElo "2465"]
[TimeControl "180+1"]
[EndTime "8:19:47 PST"]
[Termination "invisible_s0ul won on time"]

1. e4 c5 2. Nf3 d6 3. d4 cxd4 4.
Nxd4 Nf6 5. Nc3 a6 6. Bg5 Nbd7 7. f4 g6 8. Be2 Bg7 9. O-O O-O 10. Kh1 Qc7 11.
Bf3 Rb8 12. a4 e6 13. Qe1 b6 14. Rd1 Bb7 15. Qh4 Rbc8 16. e5 dxe5 17. fxe5 Nd5 18. Nxd5 exd5 19. e6 Ne5 20. Bf6 fxe6 21. Bxg7 Nxf3 22. Nxe6 Nxh4 23. Rxf8+ Rxf8 24. Nxc7 Kxg7 25.
Ne6+ Kg8 26. Nxf8 Kxf8 27. Rd4 Nf5 28. Rb4 Bc6 29. Rxb6 Bxa4 30. b3 Bb5 31. Rb7 h5 32. Kg1 d4 33. Rc7 Ne3 34. Kf2 Nf5 35. h3 Be8 36. g4 hxg4 37. hxg4 Nd6 38. Ra7 Bb5 39. Rc7 Ke8 40. Kf3 Nf7 41. Rc5 Ke7 42. Rd5 Ke6 43.
Rxd4 Ne5+ 44. Ke3 Bf1 45. Rf4 g5 46. Rxf1 Nxg4+ 47. Kd2 Ke5 48. Rg1 Kf4 49. c4 Ne5 50.
Kc3 g4 51. b4 g3 52. c5 Nf3 53. Rg2 Nh4 54. Rxg3 Kxg3 55. c6 Nf5 56. Kc4 Nd6+ 57. Kc5 Nc8 58. c7 Kf4 59. Kc6 Ke5 60. Kb7 Nd6+ 61.
Kxa6 Kd5 62. b5 Ke6 63. b6 Kd7 64. Ka7 Nb5+ 65. Kb7 Nd6+ 66. Kb8 Kc6 67. b7 Nxb7 68. c8=Q+ 1-0

[Event "Early-Titled-Tuesday-Blitz-March-05-2024"]
[Site "Chess.com"]
[Date "2024.03.05"]
[Round "2"]
[White "M1711"]
[Black "TheKingDoctor"]
[Result "0-1"]
[WhiteElo "2593"]
[BlackElo "2370"]
[TimeControl "180+1"]
[EndTime "8:19:51 PST"]
[Termination "TheKingDoctor won on time"]

1. e4 e5 2. Nf3 Nc6 3. Nc3 Nf6 4.
a3 d5 5. Bb5 d4 6. Ne2 Bd6 7.
Ng3 O-O 8. d3 h6 9. Bxc6 bxc6 10. O-O Rb8 11. c4 dxc3 12. bxc3 Ba6 13. Qc2 c5 14. Rd1 c4 15. d4 Qe8 16. Nf5 exd4 17. Nxd6 cxd6 18. Rxd4 Bb7 19. Bf4 Bxe4 20. Qd1 Bd3 21.
Bxd6 Ne4 22. Bxf8 Nxc3 23. Qe1 Ne2+ 24. Kh1 Nxd4 25. Qxe8 Rxe8 26. Nxd4 Rxf8 27. Rc1 Re8 28. f3 Rd8 29. Nb5 a5 30. Kg1 Re8 31. Nc3 Rb8 32. Na4 Rb3 33. Rc3 Rb1+ 34. Kf2 Ra1 35. Nb6 Ra2+ 36. Kg1 g5 37. Nxc4 Bxc4 38. Rxc4 Rxa3 39.
Rc6 Kg7 40. Ra6 Ra2 41. h3 a4 42. Kh2 a3 43. Kg3 h5 44. h4 g4 45. fxg4 hxg4 46.
Ra5 Kg6 47. Rg5+ Kh6 48. Rxg4 Rb2 49. Ra4 a2 50. Kf3 Kh5 51. g3 f5 52. Ra5 Kg6 53. Ke3 Rg2 54. Kf3 Rc2 55. Ra6+ Kh5 56. Ke3 Kg4 57. h5 Kxg3 58. h6 f4+ 59. Kd3 Rh2 60. h7 Rxh7 61. Rxa2 Re7 62. Ra6 f3 63. Rg6+ Kf2 64.
Rf6 Kg2 65. Rg6+ Kf1 66. Rf6 f2 67. Kd2 Re5 68. Rf8 Rd5+ 69. Ke3 Re5+ 70. Kd2 Re7 71. Rf6 Rd7+ 72. Ke3 Ke1 73. Rh6 f1=Q 74. Rh2 Re7+ 0-1

[Event "Early-Titled-Tuesday-Blitz-March-05-2024"]
[Site "Chess.com"]
[Date "2024.03.05"]
[Round "2"]
[White "AlexandraSamaganova"]
[Black "IlanSchnaider"]
[Result "0-1"]
[WhiteElo "2308"]
[BlackElo "2660"]
[TimeControl "180+1"]
[EndTime "8:19:55 PST"]
[Termination "IlanSchnaider won by checkmate"]

1. c4 Nf6 2. Nc3 g6 3. g3 Bg7 4. Bg2 O-O 5. Nf3 Nc6 6. O-O d5 7. cxd5 Nxd5 8. d4 e5 9. Nxd5 e4 10. Ng5 Qxd5 11. Nxe4 Qxd4 12. Bf4 Qxb2 13. Rb1 Qxa2 14.
Bxc7 Bg4 15. f3 Bf5 16. Rxb7 Bxe4 17. fxe4 Nd4 18. e3 Ne2+ 19. Kh1 Nc3 20. Qb3 Qa6 21. e5 Ne4 22. Rc1 Nf2+ 23. Kg1 Nd3 24. Rc2 Nxe5 25. Bxe5 Bxe5 26. Rb5 Rae8 27. Bb7 Qa1+ 28. Qb1 Qa4 29. Rb4 Qa5 30. Rb5 Qd8 31. Rd5 Qe7 32. e4 Bg7 33.
Rb5 Rd8 34. Bd5 Rd7 35. Rb7 Rfd8 36. Rcc7 Rxc7 37. Rb3 h5 38. Rf3 Qc5+ 39. Kg2 Re7 40. Qf1 Rxd5 41. exd5 Qxd5 42. Qf2 Kh7 43. h4 Re6 44.
Kh2 f5 45. Ra3 Qd4 46. Qxd4 Bxd4 47. Rd3 Re2+ 48. Kh3 Bg7 49. Rd7 Re6 50. Rxa7 Re3 51. Ra2 f4 52. Rg2 Rxg3+ 53. Rxg3 fxg3 54. Kxg3 Bf6 55.
Kh3 Kg7 56. Kg3 Kf7 57. Kh3 Ke6 58. Kg3 Kf5 59. Kh3 Kf4 60. Kh2 Bxh4 61. Kh3 Kf5 62. Kg2 Bf6 63. Kh3 g5 64. Kg3 g4 65. Kh2 Kf4 66. Kg2 g3 67. Kh3 Bh8 68. Kg2 Kg4 69. Kh1 Kh3 70. Kg1 Bd4+ 71. Kf1 g2+ 72. Ke2 g1=Q 73.
Kf3 Qe3# 0-1

[Event "Early-Titled-Tuesday-Blitz-March-05-2024"]
[Site "Chess.com"]
[Date "2024.03.05"]
[Round "2"]
[White "Qvalda"]
[Black "isaak2009"]
[Result "0-1"]
[WhiteElo "2438"]
[BlackElo "2753"]
[TimeControl "180+1"]
[EndTime "8:19:56 PST"]
[Termination "isaak2009 won on time"]

1. d4 d5 2. c4 c6 3. cxd5 cxd5 4.
Nc3 Nf6 5. Bf4 Nc6 6. e3 Bf5 7. Rc1 a6 8. Nf3 e6 9. h3 Bd6 10. Bxd6 Qxd6 11. Be2 O-O 12. O-O b5 13. a3 Na5 14.
Ne5 Rfc8 15. Nd3 Nc4 16. Rc2 a5 17. Nxb5 Qb6 18. a4 Ne4 19. b3 Ncd6 20. Rxc8+ Rxc8 21. Bf3 Nxb5 22. axb5 Nc3 23. Qd2 Qxb5 24. Nc5 Qb4 25. Rc1 Nb5 26. Qxb4 axb4 27. Be2 Nc3 28. Bf1 Bb1 29.
Kh2 Ba2 30. Na6 Bxb3 31. Nxb4 g5 32. Nd3 Ba4 33. Nb2 Bd7 34. Nd1 Ne4 35. Rxc8+ Bxc8 36. f3 Nd6 37. Bd3 Kg7 38. Kg3 Bb7 39. Kf2 Kf6 40.
Nc3 h6 41. Nb5 Nc8 42. Be2 Bc6 43. Nc3 Nd6 44. Bd3 Nb7 45. e4 Nd6 46. e5+ Ke7 47. exd6+ Kxd6 48. Ke3 Bd7 49. Bb5 Bc8 50. Na4 f5 51. Nc5 f4+ 52. Kf2 e5 53. Ba6 Bf5 54.
Ke2 exd4 55. Nb3 Ke5 56. Bd3 Bd7 57. Kd2 Ba4 58. Nc5 Be8 59. Be2 Bc6 60. Nd3+ Kd6 61. Bd1 Bb5 62. Bb3 Bc4 63. Nc1 Bb5 64. Nd3 Bc4 65.
Bc2 Bb5 66. Bd1 Bc4 67. Be2 Bb5 68. Nxf4 Bd7 69. Nd3 Bf5 70. g4 Bg6 71. f4 Be4 72. f5 Ke7 73. Nf2 Kf6 0-1

[Event "Early-Titled-Tuesday-Blitz-March-05-2024"]
[Site "Chess.com"]
[Date "2024.03.05"]
[Round "2"]
[White "WilsonPalencia21"]
[Black "Eagle_2019"]
[Result "0-1"]
[WhiteElo "2574"]
[BlackElo "2869"]
[TimeControl "180+1"]
[EndTime "8:19:59 PST"]
[Termination "Eagle_2019 won on time"]

1. d4 d5 2. c4 e6 3. Nf3 c6 4. Bg5 Nf6 5. Nc3 Nbd7 6. e3 Qa5 7.
Nd2 dxc4 8. Bxf6 Nxf6 9. Nxc4 Qc7 10. Rc1 Be7 11. Be2 O-O 12. O-O Rd8 13. Qc2 Bd7 14.
a3 c5 15. dxc5 Qxc5 16. b4 Qc7 17. Na5 Rac8 18. Qb2 Qb8 19. Bf3 b6 20. Nb3 Bd6 21. h3 Bh2+ 22. Kh1 Be5 23. Nd4 Be8 24. Nce2 Bb5 25.
Rxc8 Rxc8 26. Rc1 Bxe2 27. Rxc8+ Qxc8 28. Bxe2 Ne4 29. Bf3 Qc4 30. Kg1 Bxd4 31. Qxd4 Qxd4 32. exd4 Nd2 33. Bc6 Nb1 34. a4 Nc3 35. Kf1 Na2 36.
b5 Nc3 37. Ke1 Nxa4 38. Kd2 Nb2 39. d5 Nc4+ 40. Kc3 exd5 41. Bxd5 Nd6 42. Bc6 Kf8 43.
Kd4 Ke7 44. Kd5 Nf5 45. g4 Nd6 46. f4 g6 47. g5 Nf5 48. Ke5 Ne3 49. Be4 Nc4+ 50.
Kd5 Nd6 51. Bd3 Kd7 52. Ke5 Ke7 53. Kd5 Nb7 54. Kc6 Nc5 55. Bc4 Ne4 56. Bd5 Nd6 57. Bf3 Nf5 58. Bd5 Nd4+ 59. Kb7 Nxb5 60. Bc6 Nd4 61.
Bd5 b5 62. Kxa7 b4 63. Kb6 b3 64. Kc5 b2 65. Be4 Nb3+ 66. Kb4 Nd2 0-1

[Event "Early-Titled-Tuesday-Blitz-March-05-2024"]
[Site "Chess.com"]
[Date "2024.03.05"]
[Round "2"]
[White "viktorskliarov"]
[Black "Volodar_Murzin"]
[Result "0-1"]
[WhiteElo "2605"]
[BlackElo "2947"]
[TimeControl "180+1"]
[EndTime "8:20:10 PST"]
[Termination "Volodar_Murzin won by resignation"]

1. e4 c5 2. Nf3 e6 3. d4 cxd4 4. Nxd4 Nc6 5. Nc3 a6 6. Be2 Qc7 7. O-O b5 8. Re1 Bb7 9. Nxc6 Qxc6 10. Bf3 Ne7 11. e5 Qc7 12. a4 b4 13. Bxb7 Qxb7 14.
Ne4 Ng6 15. Nd6+ Bxd6 16. Qxd6 Rc8 17. Bd2 a5 18. c3 Nh4 19. f3 Nf5 20. Qd3 bxc3 21.
Bxc3 O-O 22. Rad1 Rfd8 23. Qb5 Qa7+ 24. Kh1 Rc5 25. Qe2 h5 26. Qe4 Qc7 27. g4 hxg4 28.
fxg4 Ne7 29. Rf1 Nd5 30. Bd4 Rc4 31. Qf3 Rf8 32. g5 Qc6 33. g6 Ne7 34. Qxc6 Nxc6 35. gxf7+ Rxf7 36. Rxf7 Kxf7 37. Bc3 Ke8 38. Rg1 Kf8 39.
Rf1+ Ke8 40. Rg1 Kf7 41. Rf1+ Kg6 42. Rd1 Rxa4 43. Rxd7 Rc4 44. Kg2 a4 45. Rd3 Kf5 46. Rf3+ Ke4 47. Rg3 Kd5 48. Rd3+ Ke4 49. Rg3 Nxe5 50.
Bxe5 Kxe5 51. Rxg7 Rc2+ 52. Kg3 Rxb2 53. Ra7 Rb3+ 54.
Kg4 Rb4+ 55. Kg5 Kd4 56. Kf6 e5 57. h4 e4 58. h5 e3 59. h6 e2 60. Re7 Kd3 61.
h7 Rh4 62. Kg7 a3 63. h8=Q Rxh8 64. Kxh8 a2 65. Rd7+ Ke3 66. Re7+ Kf4 67. Rxe2 a1=Q+ 68. Kg8 Qa8+ 69. Kf7 Qd5+ 70. Kf6 Qd6+ 71. Kf7 Qc7+ 72. Re7 Qc4+ 73. Kf6 Qc3+ 74. Kf7 Kf5 75. Rd7 Qc4+ 76. Ke7 Ke5 77. Rd8 Qb4+ 78. Kd7 Qb7+ 79. Ke8 Ke6 80.
Rd6+ Kxd6 0-1

[Event "Early-Titled-Tuesday-Blitz-March-05-2024"]
[Site "Chess.com"]
[Date "2024.03.05"]
[Round "2"]
[White "sorch29"]
[Black "LikeWater"]
[Result "0-1"]
[WhiteElo "2427"]
[BlackElo "2697"]
[TimeControl "180+1"]
[EndTime "8:20:14 PST"]
[Termination "LikeWater won by resignation"]

1. c4 c6 2. d4 d5 3. cxd5 cxd5 4. Nc3 e6 5. Nf3 Bd6 6. Bg5 Ne7 7. e3 Nbc6 8. Bd3 O-O 9. O-O f6 10. Bh4 Bd7 11.
e4 Be8 12. Re1 Bh5 13. exd5 Nxd4 14. dxe6 Nxf3+ 15. gxf3 Qb6 16. Na4 Qb4 17. Re4 Qa5 18.
Rd4 Be5 19. Rd7 Ng6 20. Bg3 Bxg3 21. hxg3 Ne5 22. Be4 Nxd7 23. exd7 Rad8 24. Bxb7 Bf7 25. Rc1 Bxa2 26. Rc8 Bf7 27. Nc5 Qb5 28. Qd4 Qb6 29. b4 h5 30. Be4 g6 31. Kg2 Kg7 32. Bd3 Kg8 33. Bc4 Kg7 34. Bxf7 Rxf7 35. Qd5 Re7 36.
Rxd8 Qxd8 37. Ne6+ Rxe6 38. Qxe6 Kf8 39. f4 Qe7 40. Qd5 Qd8 41. Qd6+ Kf7 42. Kh2 g5 43.
fxg5 fxg5 44. f4 gxf4 45. Qxf4+ Ke6 46. Qf3 Qxd7 47. Qxh5 Qd2+ 48. Kh3 Qxb4 49. Qh6+ Kd5 50. Qg5+ Kc4 51. Qf4+ Kb3 52. Qf3+ Ka4 53. g4 a5 54. g5 Qb1 55. Qg4+ Kb3 56. g6 Qh1+ 57.
Kg3 Qg1+ 58. Kf4 Qd4+ 59. Kg5 Qe5+ 60. Kh6 Qh8+ 61. Kg5 a4 62. Kf5 a3 63. g7 Qg8 64.
Qg3+ Kb2 65. Qg2+ Kb3 66. Qg3+ Kb2 67. Ke4 a2 68. Qg2+ Kb3 69. Qg3+ Ka4 70. Qg1 Qe6+ 71. Kd3 Qd5+ 72. Kc2 Qb3+ 73. Kd2 Qb2+ 74. Kd3 Qb1+ 75. Qxb1 axb1=Q+ 76. Kc3 Qg1 0-1

[Event "Early-Titled-Tuesday-Blitz-March-05-2024"]
[Site "Chess.com"]
[Date "2024.03.05"]
[Round "2"]
[White "ccccvhhhj"]
[Black "RamyresCoelho"]
[Result "0-1"]
[WhiteElo "2489"]
[BlackElo "2282"]
[TimeControl "180+1"]
[EndTime "8:20:25 PST"]
[Termination "RamyresCoelho won by resignation"]

1. e4 c5 2. Nf3 d6 3. d4 cxd4 4. Nxd4 Nf6 5. Nc3 a6 6. Rg1 e6 7. g4 b5 8. g5 Nfd7 9. h4 Qc7 10. Be3 Bb7 11. f3 Be7 12. Qd2 Nc6 13. O-O-O Rc8 14. Kb1 Nce5 15. f4 Nc4 16. Bxc4 Qxc4 17. e5 d5 18. h5 b4 19. Nce2 g6 20. hxg6 hxg6 21. Rh1 Rf8 22. b3 Qc7 23. Rh7 Nc5 24. Ng3 Ne4 25.
Nxe4 dxe4 26. Rdh1 a5 27. Rh8 a4 28. Rxf8+ Bxf8 29. Rh8 axb3 30. cxb3 Qc3 31. Nb5 Qxd2 32. Bxd2 Kd7 33. Rh7 Ba6 34. Rxf7+ Ke8 35. Rxf8+ Kxf8 36. Bxb4+ Kg7 37. Nd6 Bd3+ 38. Kb2 Rc2+ 39. Ka3 e3 40. Ne8+ Kh8 41. Nf6 e2 42. Ng4 Rc1 43. Bd2 e1=Q 44. Bxe1 Rxe1 45. Kb4 Re4+ 46. Kc3 Rxf4 47. Nf6 Ba6 48.
a4 Rf5 49. b4 Rxe5 50. b5 Bxb5 51. axb5 Rxb5 52. Ne4 Re5 53. Kd4 Rd5+ 54. Ke3 Kg7 55. Kf4 Rf5+ 56. Kg4 e5 57. Nd6 Rf4+ 58. Kg3 Rd4 59.
Ne8+ Kf7 60. Nf6 Rd6 61. Ne4 Rd4 62. Nf6 Ke6 63. Kf3 Kf5 64. Nh7 Rh4 65. Nf8 Kxg5 66.
Ne6+ Kf5 67. Ng7+ Kf6 68. Ne8+ Ke7 69. Nc7 Rf4+ 70. Ke3 Rf6 71. Nd5+ Ke6 72. Nc3 Rf8 73.
Ke4 g5 74. Ne2 g4 75. Ke3 Rf3+ 76. Ke4 Rf1 77. Ng3 Re1+ 78. Kd3 Rg1 79. Ne2 Rg2 80. Nc3 Rg3+ 81. Kd2 Rxc3 82. Kxc3 g3 83. Kd3 g2 84.
Ke2 g1=Q 0-1

[Event "Early-Titled-Tuesday-Blitz-March-05-2024"]
[Site "Chess.com"]
[Date "2024.03.05"]
[Round "2"]
[White "GlavkonVVS"]
[Black "ansko1999"]
[Result "0-1"]
[WhiteElo "2526"]
[BlackElo "2733"]
[TimeControl "180+1"]
[EndTime "8:20:36 PST"]
[Termination "ansko1999 won on time"]

1. c4 b6 2. Nf3 Bb7 3. e3 Nf6 4. d4 g6 5. Nc3 Bg7 6. Bd3 d5 7. cxd5 Nxd5 8. O-O O-O 9. Bd2 Nd7 10. Rc1 c5 11.
Bc4 N5f6 12. d5 a6 13. a4 Ne8 14. e4 Nd6 15. Bd3 c4 16. Bc2 b5 17. e5 Nxe5 18.
Nxe5 Bxe5 19. Bh6 Re8 20. Re1 Bf6 21. axb5 axb5 22. Qg4 b4 23. Ne4 Nxe4 24. Bxe4 c3 25. bxc3 bxc3 26. Rcd1 Ra4 27. Qf3 Rd4 28. Rxd4 Bxd4 29.
Rd1 Be5 30. h4 Qd6 31. h5 Rc8 32. hxg6 hxg6 33. g3 Qf6 34. Qg4 Bd4 35. Rf1 Rc5 36.
Qd7 Kh7 37. Bf4 Ba6 38. Rc1 Bb5 39. Qh3+ Kg7 40. Qh6+ Kg8 41. Be3 Qg7 42. Qf4 Bxe3 43. Qxe3 Rc8 44. Qb6 Bd7 45. Qb7 Rd8 46. Qc7 Qf8 47.
Qxc3 Bg4 48. Qd4 Rc8 49. Re1 Qd8 50. Bg2 Bf5 51. g4 Bd7 52. Bf3 Rc7 53. Kg2 Bc8 54. Rh1 f6 55. g5 Qd6 56. gxf6 Qxf6 57. Qe4 Bb7 58. Qe3 Rd7 59. Qh6 Qg7 60. Qg5 Qf6 61. Qxf6 exf6 62. Rd1 Kf7 63. Kg3 Ke7 64. d6+ Ke6 65.
Bxb7 Rxb7 66. Kf4 Rb4+ 67. Ke3 Rb7 68. Ke4 Rd7 69. Rg1 g5 70. f4 f5+ 71. Ke3 g4 72. Rh1 Rxd6 73. Rh6+ Kd5 74. Rh5 Re6+ 75. Kd3 Rf6 76. Rg5 Ke6 77. Kd4 Rh6 78. Rg8 Kf6 79. Kd5 Rh7 0-1

[Event "Early-Titled-Tuesday-Blitz-March-05-2024"]
[Site "Chess.com"]
[Date "2024.03.05"]
[Round "2"]
[White "tarno17"]
[Black "tandaleo"]
[Result "0-1"]
[WhiteElo "2142"]
[BlackElo "2458"]
[TimeControl "180+1"]
[EndTime "8:20:41 PST"]
[Termination "tandaleo won by checkmate"]

1. e4 c6 2. d4 d5 3. Nc3 dxe4 4. Nxe4 Nf6 5. Ng3 h5 6. h4 Bg4 7. Be2 e6 8. Bg5 Nbd7 9. Nf3 Qa5+ 10. c3 Bd6 11.
Qc2 Bxg3 12. fxg3 Bf5 13. Qb3 Qb6 14. Qxb6 axb6 15. Bxf6 Nxf6 16. Nd2 b5 17. O-O Ke7 18. a3 Nd5 19. Rae1 Bg6 20. Bf3 Nb6 21. Be4 Bxe4 22.
Nxe4 Nc4 23. Ng5 Rhf8 24. Re2 Kd6 25. Ne4+ Ke7 26. Rfe1 Nd6 27. Ng5 Kd7 28. Rf1 Rae8 29. Ne4 Nxe4 30. Rxe4 f6 31. Rfe1 Re7 32. Kf2 Rfe8 33.
Kf3 Kd6 34. g4 hxg4+ 35. Rxg4 Rh8 36. g3 Rh5 37. Rge4 Rf5+ 38. Kg2 Rh5 39. Kh3 g5 40. Rf1 f5 41. Re5 gxh4 42. gxh4 Reh7 43. Rf4 R5h6 44.
Re3 b6 45. Rg3 Ke7 46. Rg8 Kf6 47. Rf8+ Ke7 48. Rc8 Kd6 49. Rd8+ Kc7 50. Ra8 Kb7 51. Re8 Rg7 52. Rf3 Rg4 53. Re7+ Ka6 54. Kh2 Rhxh4+ 55. Rh3 Rxh3+ 56. Kxh3 Re4 57. Rc7 Re2 58. Rc8 Rxb2 59. Rxc6 Rb3 60. Rxe6 Rxc3+ 61. Kh4 Rxa3 62. Kg5 Rd3 63.
Rd6 b4 64. Kxf5 b3 65. Ke4 b2 66. Kxd3 b1=Q+ 67. Ke3 Qe1+ 68. Kf4 Qf2+ 69. Ke5 Qg3+ 70.
Ke6 Qg6+ 71. Kd7 Qf7+ 72. Kc6 Ka5 73. Rd5+ Ka6 74. Kd6 Qf8+ 75. Ke5 b5 76. Rd6+ Ka5 77. d5 b4 78. Ke6 b3 79. Rc6 Qe8+ 80. Kd6 b2 81.
Rc5+ Ka4 82. Rc4+ Kb3 83. Rc5 b1=Q 84. Rc7 Qf8+ 85. Kc6 Qc1+ 86. Kb7 Qxc7+ 87. Kxc7 Kc4 88. d6 Kc5 89. d7 Qd6+ 90. Kc8 Qa6+ 91. Kb8 Qb6+ 92.
Kc8 Qc6+ 93. Kd8 Kd6 94. Ke8 Qxd7+ 95. Kf8 Qh7 96. Ke8 Qg8# 0-1